Map: Zen LE

Players

soO - Winner!

  • Race: Zerg Zerg
  • Spawn Location: 1:00

riddle (THERIDDLER)

  • Race: Terran Terran
  • Spawn Location: 7:00

Event: NationWars 2019

VOD

Have the link to the VOD?

Description

Time

  • Played on: Dec. 1, 2019, 1:03 p.m.
  • Length: 12:48
Show
View Real Time Build Order
Export as new Build Order

soO Zerg - Winner!

Build Orders: Pool First, Roach Hydra 

Get SALT Encoding   

  12  0:00  Drone  
  13  0:12  Overlord  
  13  0:17  Drone  
  14  0:31  Drone x2  
  14  0:35  Drone  
  17  0:45  Extractor  
  17  0:46  Drone  
  17  0:51  Spawning Pool  
  17  0:56  Drone  
  17  1:07  Drone  
  18  1:17  Hatchery  
  17  1:22  Drone  
  18  1:37  Queen  
  18  1:38  Zergling x2  
  21  1:44  Overlord  
  21  1:50  Metabolic Boost  
  21  1:54  Drone  
  22  2:07  Drone  
  23  2:13  Queen  
  25  2:23  Drone  
  25  2:24  Drone  
  25  2:29  Queen  
  29  2:35  Drone  
  30  2:40  Drone  
  31  2:45  Zergling x8  
  35  2:59  Hatchery  
  35  3:02  Drone x2  
  36  3:07  Overlord  
  36  3:14  Overlord  
  36  3:26  Drone x7  
  43  3:33  Queen  
  45  3:36  Drone  
  45  3:38  Drone  
  47  3:41  Drone  
  47  3:43  Drone x2  
  47  3:48  Overlord  
  50  3:56  Roach Warren  
  50  3:58  Drone x3  
  52  4:04  Overlord  
  52  4:06  Lair  
  52  4:08  Drone  
  53  4:10  Extractor  
  53  4:12  Extractor  
  53  4:16  Queen  
  51  4:19  Drone x3  
  51  4:23  Drone x2  
  58  4:25  Drone x2  
  60  4:33  Drone x3  
  63  4:39  Spore Crawler x2  
  63  4:42  Spore Crawler, Drone  
  61  4:46  Drone x2  
  61  4:50  Roach x2  
  61  4:52  Roach  
  69  4:57  Roach x2  
  69  4:59  Overlord  
  73  5:00  Drone  
  73  5:05  Glial Reconstitution  
  74  5:09  Overlord  
  74  5:10  Overlord  
  74  5:13  Overlord  
  74  5:16  Overseer  
  74  5:18  Overlord  
  74  5:19  Overseer  
  74  5:22  Overlord  
  74  5:27  Overlord  
  74  5:29  Drone x4  
  74  5:34  Drone x2  
  74  5:35  Drone x2  
  82  5:37  Drone x3  
  82  5:41  Drone  
  86  5:44  Drone  
  86  5:50  Drone  
  86  5:53  Drone x2  
  89  5:58  Extractor  
  89  5:59  Extractor  
  89  6:03  Extractor  
  86  6:05  Drone  
  86  6:06  Drone  
  86  6:09  Drone x4, Hydralisk Den, Infestation Pit  
  90  6:11  Overlord  
  90  6:18  Drone  
  88  6:25  Drone  
  88  6:29  Drone x2  
  88  6:31  Hatchery  
  90  6:34  Drone  
  90  6:35  Drone  
  90  6:37  Evolution Chamber  
  90  6:39  Grooved Spines, Evolution Chamber  
  90  6:42  Hydralisk x9  
  108  6:47  Hive  
  108  7:08  Roach x4  
  114  7:09  Roach  
  114  7:13  Hydralisk x2  
  122  7:22  Overlord x2  
  122  7:27  Overlord  
  122  7:29  Zerg Ground Armor Level 1, Zerg Missile Weapons Level 1  
  122  7:33  Overlord  
  122  7:35  Overlord  
  121  7:39  Drone  
  117  7:46  Drone  
  117  7:50  Muscular Augments, Drone x2  
  118  7:59  Ravager  
  118  8:00  Ravager x2  
  121  8:06  Drone x2  
  121  8:09  Hydralisk x5  
  121  8:10  Roach x2  
  121  8:11  Roach, Overlord  
  132  8:14  Roach x3  
  131  8:25  Hydralisk x4  
  136  8:29  Drone  
  136  8:33  Hydralisk  
  128  8:37  Hydralisk  
  110  8:48  Drone x4  
  109  8:49  Drone x7  
  107  9:03  Drone x4, Queen  
  107  9:09  Hydralisk  
  115  9:14  Drone x2  
  118  9:18  Hydralisk x4  
  118  9:23  Hydralisk  
  118  9:24  Hydralisk x2  
  129  9:31  Ravager  
  129  9:32  Drone x6  
  129  9:33  Drone  
  137  9:45  Drone x3  
  139  9:46  Extractor  
  139  9:47  Roach x6, Extractor  
  149  9:55  Ravager  
  150  10:00  Drone x2  
  150  10:05  Hydralisk x2  
  150  10:06  Hydralisk x2  
  160  10:15  Zerg Ground Armor Level 2, Zerg Missile Weapons Level 2  
  160  10:20  Overlord x2  
  160  10:25  Spore Crawler  
  160  10:28  Hatchery  
  158  10:37  Spore Crawler  
  158  10:39  Viper x2  
  163  10:44  Drone x3  
  163  10:45  Hydralisk x4  
  163  10:46  Overlord  
  163  10:48  Overlord  
  174  10:50  Overseer  
  174  10:51  Pneumatized Carapace  
  174  11:00  Hydralisk  
  174  11:04  Overlord x2  
  176  11:06  Overlord  
  175  11:18  Hydralisk x2  
  175  11:19  Hydralisk x7  
  175  11:21  Viper  
  189  11:29  Drone x6  
  189  11:30  Drone, Hatchery  
  189  11:31  Hydralisk x3  
  200  11:37  Overseer  
  194  12:05  Hydralisk x2  
  194  12:06  Hydralisk x2  
  188  12:12  Hydralisk x6  
  188  12:13  Hatchery  
  185  12:19  Hydralisk x7  
  185  12:21  Hydralisk x3  
  185  12:22  Hydralisk  
Show
View Real Time Build Order
Export as new Build Order

riddle Terran 

Build Orders: Reaper Expand, Hellion Banshee 

Get SALT Encoding   

  12  0:00  SCV  
  13  0:13  SCV  
  14  0:17  Supply Depot  
  14  0:25  SCV  
  15  0:38  SCV  
  15  0:40  Barracks  
  16  0:43  Refinery  
  16  0:51  SCV  
  17  1:03  SCV  
  18  1:15  SCV  
  19  1:27  Orbital Command, Reaper  
  20  1:39  Command Center  
  20  1:48  Supply Depot  
  20  1:53  SCV  
  21  1:59  Marine  
  22  2:06  SCV  
  23  2:12  Factory  
  23  2:18  SCV  
  23  2:20  Barracks Reactor  
  24  2:23  Refinery  
  24  2:30  SCV  
  25  2:42  SCV  
  25  2:53  Orbital Command  
  25  2:55  SCV  
  26  2:59  Starport  
  26  3:04  Hellion x2  
  29  3:07  Barracks Tech Lab  
  29  3:08  SCV  
  29  3:20  SCV  
  29  3:24  SCV  
  29  3:25  Hellion x2  
  35  3:32  SCV  
  36  3:36  SCV  
  37  3:42  Cloaking Field  
  37  3:43  Banshee, Supply Depot  
  37  3:45  SCV  
  41  3:48  SCV  
  42  3:57  SCV  
  42  4:01  SCV  
  44  4:07  Hellion  
  44  4:09  SCV  
  49  4:10  Supply Depot  
  49  4:13  SCV  
  48  4:21  SCV, Command Center  
  49  4:25  SCV  
  49  4:26  Viking  
  52  4:31  Hellion  
  52  4:33  Supply Depot  
  52  4:34  SCV  
  52  4:37  SCV  
  56  4:39  Refinery  
  56  4:41  Hellion  
  58  4:46  SCV  
  58  4:49  SCV  
  58  4:51  Supply Depot  
  60  4:54  Barracks Reactor  
  60  4:58  SCV  
  60  4:59  Banshee, Starport  
  64  5:04  SCV  
  64  5:05  Starport  
  65  5:08  Refinery  
  65  5:10  SCV  
  66  5:17  SCV  
  66  5:19  Hyperflight Rotors, Hellion  
  69  5:26  SCV  
  70  5:29  SCV, Supply Depot  
  70  5:30  Supply Depot, Hellion  
  70  5:33  Liberator x2  
  73  5:37  Orbital Command  
  73  5:40  Hellion  
  75  5:51  Starport Tech Lab  
  75  5:52  Hellion  
  83  5:57  SCV  
  83  5:58  SCV  
  83  6:02  Banshee, Hellion  
  90  6:08  Orbital Command  
  90  6:09  SCV  
  90  6:10  Banshee  
  94  6:13  SCV  
  94  6:17  Liberator  
  94  6:18  Hellion  
  97  6:19  Refinery  
  97  6:22  Refinery  
  97  6:26  SCV  
  97  6:31  SCV  
  99  6:38  SCV  
  103  6:40  Hellion x2  
  103  6:42  SCV  
  103  6:45  SCV  
  109  6:50  Banshee  
  109  6:51  Supply Depot  
  109  6:54  Banshee, SCV x2, Supply Depot  
  110  6:55  Liberator  
  114  7:02  Hellion  
  114  7:03  SCV  
  114  7:10  Liberator, SCV  
  114  7:12  Hellion  
  114  7:15  Factory  
  114  7:16  SCV, Supply Depot  
  114  7:17  Factory  
  108  7:27  Hellion  
  108  7:29  Barracks Tech Lab  
  110  7:34  Hellion  
  112  7:40  Banshee x2  
  112  7:41  Liberator  
  118  7:44  SCV  
  118  7:48  Hellion  
  121  7:51  SCV  
  121  7:53  SCV  
  121  7:55  Hellion  
  121  7:57  Liberator  
  125  8:00  SCV  
  129  8:06  Liberator  
  108  8:21  Hellion x2  
  108  8:23  Banshee  
  108  8:26  Factory Tech Lab  
  113  8:30  SCV  
  113  8:33  Hellion  
  101  8:41  SCV  
  84  8:42  Hellion x2  
  84  8:43  SCV x2  
  72  8:50  Liberator  
  72  8:53  SCV  
  72  8:54  Siege Tank  
  72  8:55  SCV x2  
  74  8:57  Hellion  
  76  9:04  Hellion  
  76  9:05  SCV  
  76  9:07  SCV x2  
  81  9:17  SCV  
  81  9:18  Siege Tank  
  81  9:19  SCV x2  
  81  9:20  Liberator  
  81  9:22  Banshee, Hellion  
  92  9:25  Hellion  
  92  9:27  Siege Tank  
  92  9:29  SCV  
  98  9:31  SCV x2  
  98  9:36  Banshee  
  106  9:41  SCV  
  106  9:43  Hellion  
  109  9:47  SCV x2  
  109  9:50  Supply Depot x2  
  109  9:52  Supply Depot, Command Center  
  108  9:53  SCV  
  106  10:23  Siege Tank  
  106  10:25  Supply Depot  
  106  10:26  SCV  
  110  10:33  Hellion x2  
  110  10:35  Armory x2  
  114  10:43  Factory  
  114  10:44  Factory  
  114  10:46  Siege Tank  
  114  10:47  Infernal Pre-Igniter  
  117  10:52  Banshee x2  
  117  10:55  Siege Tank  
  124  10:57  Supply Depot x2  
  124  11:03  Hellion x2  
  124  11:07  Liberator  
  117  11:18  Siege Tank  
  117  11:24  Hellion  
  117  11:27  Siege Tank  
  117  11:28  Factory Reactor  
  117  11:29  Factory Tech Lab  
  117  11:35  Banshee  
  117  11:37  Engineering Bay  
  120  11:42  Command Center  
  120  11:44  Banshee, Hellion  
  125  11:50  SCV x2, Siege Tank  
  130  11:59  Siege Tank  
  120  12:11  Siege Tank  
  120  12:12  Hellion  
  105  12:23  Hellion x2  
  99  12:32  SCV x2  
Tags
 
Add a new tag
Caveats
  • Supply blocks, unpowered buildings, or Contaminate may cause inaccurate times.
  • Supply counts are checked every 10 seconds.